 Seeded DCSS version 0.29-a0-582-ge82337ba6a (webtiles) character file.

Game seed: 10421838384131710688 (custom seed)

34 zeratav the Cutter (level 3, -3/23 HPs)
             Began as a Kobold Monk on June 14, 2022.
             Slain by an orc
             ... wielding a +1 whip of electrocution
              (10 damage)
             ... on level 3 of the Dungeon.
             The game lasted 00:01:16 (1179 turns).

zeratav the Cutter (Kobold Monk)                    Turns: 1179, Time: 00:01:17

Health: -3/23      AC:  2    Str:  8    XL:     3   Next: 50%
Magic:  3/3        EV: 16    Int: 11    God:
Gold:   46         SH:  0    Dex: 19    Spells: 2/2 levels left

rFire   . . .      SeeInvis .   a - +0 short sword {short}
rCold   . . .      Faith    .   (no shield)
rNeg    . . .      Spirit   .   b - +0 robe
rPois   .          Reflect  .   (no helmet)
rElec   .          Harm     .   (no cloak)
rCorr   .          Rampage  .   (no gloves)
Will    +....                   (no boots)
Stlth   ++++......              (no amulet)
HPRegen 0.07/turn               o - ring of willpower
MPRegen 0.08/turn               (no ring)

@: no status effects
A: small, no large weapons, nightstalker 3
a: no special abilities


You were on level 3 of the Dungeon.
You visited 1 branch of the dungeon, and saw 3 of its levels.

You collected 46 gold pieces.


Innate Abilities, Weirdness & Mutations

You are small and have problems with some larger weapons.
You are completely attuned to the shadows.


   Skills:
 - Level 3.2 Fighting
 + Level 4.9 Short Blades
 - Level 3.6 Dodging
 + Level 4.1 Stealth


You had 2 spell levels left.
You didn't know any spells.
Your spell library was empty.

Inventory:

Hand Weapons
 a - a +0 short sword (weapon) {short}
Missiles
 j - 4 curare-tipped darts (quivered) {=fthrowing}
Armour
 b - a +0 robe (worn)
 m - a +0 robe
   (You found it on level 1 of the Dungeon)
Jewellery
 o - a ring of willpower (left hand)
   (You found it on level 3 of the Dungeon)
Scrolls
 e - a scroll of magic mapping {unknown}
 f - a scroll of enchant weapon {unknown}
 h - a scroll of blinking {unknown}
 i - a scroll of amnesia {unknown}
 k - 2 scrolls of acquirement {unknown}
Potions
 c - a potion of ambrosia
 d - a potion of curing {unknown}
 g - a potion of heal wounds {unknown}
 l - a potion of magic {unknown}
 n - a potion of degeneration {unknown}

Dungeon Overview and Level Annotations

Branches:
Dungeon (2/15)

Altars:

#+# #.# ..
####.#######.$
+.............
####.###...... #.#
#......
######.###......
#####....#..##.@....
#.....#.#.#.#.#o#...
#.###............#.#
#.# #.#.#.#.#.#.#...
##.###..............
#......#.#.#.#.
#.............
#......#.#
#.........


You could see an orc.


Message History

Found an escape hatch in the floor.
A sourceless malevolence fills the Dungeon...
You fall into a shaft and drop 1 floor!
The shaft crumbles and collapses.
A goblin comes into view. It is wielding a +0 dagger.
The goblin shouts!
You hear an angry hiss.
You barely miss the goblin. You closely miss the goblin.
A ball python comes into view.
The goblin hits you with a +0 dagger.
HP[-1]
You take 1 damage, and now have 22/23 hp.
You barely miss the goblin. The goblin closely misses you.
You hit the goblin.
You kill the goblin!
The ball python completely misses you. The ball python closely misses you. x3
You hit the ball python. The ball python barely misses you. x2
You closely miss the ball python. The ball python misses you.
The ball python closely misses you.
HP[+1]
Your hp is fully restored (23).
You hit the ball python. The ball python misses you.
The ball python completely misses you.
You hit the ball python.
You kill the ball python!
No target in view!
No target in view!
No target in view!
No target in view!
No target in view!
No target in view!
No target in view!
No target in view!
No target in view!
No target in view!
No target in view!
As you open the door, it creaks loudly!
You hear a shout!
There is an open door here.
A goblin comes into view. It is wielding a +0 club.
There is an open door here.
You closely miss the goblin. You hit the goblin but do no damage.
The goblin barely misses you.
You hit the goblin. The goblin hits you but does no damage.
You puncture the goblin!
You kill the goblin!
No target in view!
No target in view!
No target in view!
No target in view!
No target in view!
No target in view!
No target in view!
No target in view!
No target in view!
No target in view!
No target in view!
No target in view!
No target in view!
No target in view!
No target in view!
Things that are here:
a +0 club {mace}; a goblin corpse You open the door.
There is an open door here.
o - a ring of willpower
o - a ring of willpower (left hand)
You open the door.
There is an open door here.
A rat comes into view.
The helpless rat fails to defend itself.
You impale the rat!!
You kill the rat!
No target in view!
No target in view!
No target in view!
No target in view!
No target in view!
No target in view!
No target in view!
No target in view!
No target in view!
No target in view!
No target in view!
No target in view!
You see here a rat corpse.
You now have 46 gold pieces (gained 6).
An orc comes into view.
It is wielding a +1 whip of electrocution.
An orc is nearby!
The orc shouts!
The orc hits you with a +1 whip of electrocution.
You are electrocuted!
* * * LOW HITPOINT WARNING * * *
HP[-12]
You take 12 damage, and now have 11/23 hp.
MASSIVE DAMAGE!! (PAUSE)
You hit the orc.
The orc hits you with a +1 whip of electrocution.
* * * LOW HITPOINT WARNING * * *
You are electrocuted!
You die...

Skill      XL: |  1  2  3 |
---------------+----------+-----
Stealth        | 3 4 |  4.1
Fighting       | |  3.2
Short Blades   | |  4.9
Dodging        | |  3.6

Action                   || total
-------------------------++-------
Melee: Short sword       ||    64
 Stab: Sleeping          ||    16
Armor: Robe              ||     3
Dodge: Dodged            ||    37

Levels and vault maps discovered:
D:1:      dpeg_arrival_rhombi, layout_basic,
          shapermc_ecumenical_altar_totnotflames, minmay_split_cup_large
D:2:      layout_basic, uniq_sigmund
D:3:      layout_basic, st_stairs_10, nrook_loot_triangle

Notes
Turn   | Place    | Note
-------+----------+-------------------------------------------
     0 | D:1      | zeratav the Kobold Monk began the quest for the Orb.
     0 | D:1      | Reached XP level 1. HP: 14/14 MP: 1/1
     0 | D:1      | magus.rc [v1.9.6]
    70 | D:1      | Reached skill level 3 in Stealth
    88 | D:1      | Reached XP level 2. HP: 19/19 MP: 2/2
   129 | D:1      | Found a faded altar of an unknown god.
   521 | D:1      | Reached XP level 3. HP: 23/23 MP: 3/3
  1051 | D:2      | Reached skill level 4 in Stealth
  1075 | D:2      | You fall into a shaft and drop 1 floor!
  1179 | D:3      | Slain by an orc

Vanquished Creatures
  A dart slug (D:1)
  2 ball pythons
  3 endoplasms
  8 goblins
  3 hobgoblins
  2 quokkas (D:1)
  A bat (D:1)
  2 frilled lizards (D:1)
  4 kobolds
  2 rats
28 creatures vanquished.

Table legend:
 A = Non-vault XP
 B = Vault XP
 C = Vault XP percentage of total XP
 D = Non-vault monster count
 E = Vault monster count
 F = Vault count percentage of total count
                 A         B        C        D         E       F
            +---------+---------+-------+---------+---------+-------
      Total |      43 |       6 |  12.2 |      24 |       4 |  14.3
            +---------+---------+-------+---------+---------+-------
        D:1 |      29 |       6 |  17.1 |      16 |       4 |  20.0
        D:2 |       7 |       0 |   0.0 |       4 |       0 |   0.0
        D:3 |       7 |       0 |   0.0 |       4 |       0 |   0.0
            +---------+---------+-------+---------+---------+-------

Illustrated notes

Table legend:
 A = Kills in this place as a percentage of kills in entire the game.
 B = Kills by you in this place as a percentage of kills by you in the entire game.
 C = Kills by friends in this place as a percentage of kills by friends in the entire game.
 D = Other kills in this place as a percentage of other kills in the entire game.
 E = Experience gained in this place as a percentage of experience gained in the entire game.
 F = Experience gained in this place divided by the number of levels of this place that you have seen.
                   A       B       C       D       E      F
               +-------+-------+-------+-------+-------+----------------------
         Total | 100.0 | 100.0 |   N/A |   N/A | 100.0 |  16.3
       Dungeon | 100.0 | 100.0 |   N/A |   N/A | 100.0 |  16.3
               +-------+-------+-------+-------+-------+----------------------

Table legend: (Time is in decaauts)
 A = Elapsed time spent in this place.
 B = Non-inter-level travel time spent in this place.
 C = Inter-level travel time spent in this place.
 D = Time resting spent in this place.
 E = Time spent auto-exploring this place.
 F = Levels seen in this place.
 G = Mean time per level.
                   A        B        C        D        E       F      G
               +--------+--------+--------+--------+--------+-----+--------+
         Total |   1170 |   1144 |     26 |    105 |    872 |   3 |  390.0 |
       Dungeon |   1170 |   1144 |     26 |    105 |    872 |   3 |  390.0 |
               +--------+--------+--------+--------+--------+-----+--------+

Top non-repeatable levels by time:
     D:1: 1041 daAuts
     D:3: 101 daAuts
     D:2: 27 daAuts
